[Event "ICS rated blitz match"]
[Site "164.58.253.13"]
[Date "1997.02.16"]
[Round "-"]
[White "Brause"]
[Black "helpmate"]
[Result "1/2-1/2"]
[WhiteElo "2280"]
[BlackElo "2043"]
[TimeControl "120+12"]

1. e4 e6 2. d4 d5 3. c4 dxe4 4. Nc3 Nf6 5. Nge2 b6 6. Bg5 Bb7 7. d5 exd5 8.
cxd5 Be7 9. Bxf6 Bxf6 10. Qa4+ Nd7 11. Qxe4+ Qe7 12. Qxe7+ Kxe7 13. O-O-O
Rhd8 14. Nd4 Bxd4 15. Rxd4 Nf6 16. Bc4 a6 17. Rhd1 Kd6 18. R1d3 Re8 19. Kc2
Re1 20. Rf4 Rae8 21. f3 Rg1 22. Rd2 Ree1 23. Rf5 b5 24. Bb3 Re5 25. Rxe5
Kxe5 26. f4+ Kd6 27. a3 Bc8 28. Kd3 h5 29. Kd4 h4 30. Rf2 Bf5 31. Bc2 Bxc2
32. Rxc2 Rf1 33. g3 hxg3 34. hxg3 Rg1 35. Ne4+ Nxe4 36. Rc6+ Kd7 37. Kxe4
Rxg3 38. Rxa6 Rb3 39. d6 cxd6 40. Ra7+ Ke6 41. f5+ Kf6 42. Rd7 Rxb2 43.
Rxd6+ Ke7 44. Rb6 Rb3 45. Rb7+ Kf6 46. Rb6+ Kg5 47. Rb7 Rxa3 48. Rxf7 Kh6
49. Rb7 Rb3 50. Rb6+ Kh7 51. Rb7 Kg8 52. Rb8+ Kh7 53. Rb7 Rb4+ 54. Ke5 Kh6
55. Rb6+ Kh5 56. Rb7 Kh6 57. Rb6+ Kh7 58. Rb7 Kh6
{Game drawn by mutual agreement} 1/2-1/2

[Event "ICS rated blitz match"]
[Site "164.58.253.13"]
[Date "1997.02.16"]
[Round "-"]
[White "Brause"]
[Black "helpmate"]
[Result "0-1"]
[WhiteElo "2280"]
[BlackElo "2044"]
[TimeControl "120+12"]

1. e4 e6 2. d4 d5 3. c4 dxe4 4. Nc3 Nf6 5. Nge2 b6 6. Bg5 Bb7 7. d5 exd5 8.
cxd5 Be7 9. Bxf6 Bxf6 10. Qa4+ Nd7 11. Qxe4+ Qe7 12. Qxe7+ Kxe7 13. O-O-O
a6 14. Nd4 Bxd4 15. Rxd4 Nf6 16. Bc4 Kd6 17. Kb1 Rae8 18. Rc1 Re7 19. Rcd1
Rhe8 20. f3 b5 21. Bb3 Re5 22. g4 h6 23. h4 g5 24. hxg5 hxg5 25. Kc2 Re3
26. R1d3 Rxd3 27. Kxd3 Re5 28. f4 gxf4 29. Rxf4 Nxd5 30. Rxf7 Nxc3 31. Kxc3
Bd5 32. Rf6+ Kc5 33. Bxd5 Kxd5 34. Rxa6 Rg5 35. Ra7 c5 36. a4 b4+ 37. Kd3
Rxg4 38. Ke3 Rg3+ 39. Kf2 Rb3 40. Rd7+ Kc6 41. Rd2 Kb6 42. Rc2 Ka5 43.
Rxc5+ Kxa4 44. Rc2 Rh3 45. Rd2 Kb3 46. Kg2 Rh8 47. Kf3 Rc8 48. Ke3 Rc2 49.
Rd4 Rxb2 50. Kd3 Rh2 51. Rd5 Rh4 52. Re5 Rh8 53. Kd4 Rc8 54. Kd5 Ka3 55.
Re3+ b3 56. Kd6 Ka2 57. Kd7 Rc2 58. Re6 b2 59. Ra6+ Kb1 60. Rg6 Rc3 61. Rf6
Ka2 62. Ra6+ Ra3 63. Rb6 b1=Q 64. Rxb1 Kxb1 65. Ke6 Kc2 66. Ke5 Kd3 67. Kd5
Ra5+ 68. Ke6 Ke4 69. Kd6 Rd5+ 70. Ke6 Rd4 71. Kf6 Kf4 72. Ke6 Rd3 73. Kf7
Kf5 74. Ke7 Rd4 75. Kf7 Rd7+ 76. Ke8 Ke6 77. Kf8 Kf6 78. Kg8 Rf7 79. Kh8
Kg6 80. Kg8 Rf6 81. Kh8 Rf8#
{Brause checkmated} 0-1

[Event "ICS rated blitz match"]
[Site "164.58.253.13"]
[Date "1997.02.16"]
[Round "-"]
[White "Brause"]
[Black "helpmate"]
[Result "1-0"]
[WhiteElo "2278"]
[BlackElo "2048"]
[TimeControl "120+12"]

1. e4 e6 2. d4 d5 3. c4 dxe4 4. Nc3 Nf6 5. Nge2 b6 6. Bg5 Bb7 7. d5 exd5 8.
cxd5 Be7 9. Bxf6 Bxf6 10. Qa4+ Nd7 11. Qxe4+ Qe7 12. Qxe7+ Kxe7 13. O-O-O
a6 14. Nd4 Bxd4 15. Rxd4 Nf6 16. Bc4 Kd6 17. Kb1 Rae8 18. Rc1 Re7 19. h3
Rhe8 20. f3 b5 21. Bb3 Re3 22. Rcd1 h6 23. R1d2 Bc8 24. Kc1 Re1+ 25. Rd1
Rxd1+ 26. Kxd1 Bb7 27. Kd2 Re5 28. Rf4 Ke7 29. Rd4 g6 30. g4 g5 31. h4 Kd6
32. f4 gxf4 33. Rxf4 Ke7 34. Rd4 Bc8 35. Bd1 Ne8 36. Rf4 Nf6 37. Bf3 Bb7
38. d6+
{helpmate resigns} 1-0

[Event "ICS rated lightning match"]
[Site "164.58.253.13"]
[Date "1997.02.16"]
[Round "-"]
[White "Brause"]
[Black "pdeck"]
[Result "1-0"]
[WhiteElo "2307"]
[BlackElo "2084"]
[TimeControl "60"]

1. e4 e6 2. d4 d5 3. c4 dxe4 4. Nc3 Nf6 5. Nge2 Bb4 6. Qa4+ Nc6 7. a3 Bxc3+
8. bxc3 Bd7 9. Qc2 O-O 10. Ng3 Qe7 11. Nxe4 Nxe4 12. Qxe4 f5 13. Qe2 Na5
14. Bf4 b6 15. c5 bxc5 16. Bxc7 Nb7 17. Qa6 Nd8 18. Bd6 Qg5 19. Bxf8 Kxf8
20. Qd6+ Kg8 21. Qxd7 Nf7 22. Qc6 Rf8 23. Qxc5 e5 24. dxe5 Qd8 25. Bc4 Kh8
26. e6 Nd6 27. Rd1 Qe7 28. Qxd6
{pdeck resigns} 1-0

[Event "ICS rated blitz match"]
[Site "164.58.253.13"]
[Date "1997.02.17"]
[Round "-"]
[White "Brause"]
[Black "Vampire"]
[Result "1-0"]
[WhiteElo "2274"]
[BlackElo "2029"]
[TimeControl "180+6"]

1. e4 e6 2. d4 d5 3. c4 dxe4 4. Nc3 Nf6 5. Nge2 Bb4 6. Qb3 Bxc3+ 7. Qxc3
O-O 8. Bg5 h6 9. Bf4 b6 10. b3 Bb7 11. Be5 Nbd7 12. Bf4 Nh5 13. Bc1 Re8 14.
Nf4 Nxf4 15. Bxf4 Nf6 16. Be2 Qd7 17. O-O Red8 18. Be5 Qe7 19. Rfe1 Rd7 20.
Rac1 Rad8 21. Rc2 Ne8 22. Rd2 c5 23. Red1 cxd4 24. Rxd4 Rxd4 25. Rxd4 Rxd4
26. Qxd4 f6 27. Bg3 e5 28. Qc3 Qd6 29. Bh5 Nc7 30. Bg4 Qd3 31. Qc1 Kf7 32.
h3 Ne6 33. Qa3 a5 34. Bxe6+ Kxe6 35. Qf8 Qd7 36. Qb8 Qd1+ 37. Kh2 Qd7 38.
Kg1 Kf5 39. Qh8 Bc6 40. Kh2 Qe7 41. Kg1 Qd7 42. Kh2 Bb7 43. Kg1 e3 44. Qh7+
Ke6 45. Qg8+ Kd6 46. Qf8+ Qe7 47. Qb8+ Qc7 48. Qf8+ Ke6 49. Qg8+ Qf7 50.
Qd8 e2 51. Qxb6+ Kf5 52. Qxa5 Qd7 53. f3 Qd1+ 54. Be1 Kg6 55. Qb4 Bc6 56.
Qc3 e4 57. fxe4 Bxe4 58. a3
{Vampire forfeits on time} 1-0

[Event "ICS rated blitz match"]
[Site "164.58.253.13"]
[Date "1997.02.17"]
[Round "-"]
[White "Brause"]
[Black "CME"]
[Result "1-0"]
[WhiteElo "2276"]
[BlackElo "2052"]
[TimeControl "120+12"]

1. e4 e6 2. d4 d5 3. c4 dxe4 4. Nc3 Nf6 5. Be3 b6 6. c5 Bb7 7. Bb5+ c6 8.
Bc4 bxc5 9. Qb3 Qb6 10. dxc5 Qxb3 11. axb3 Nbd7 12. Ra5 Be7 13. Nge2 Bd8
14. Ra1 O-O 15. O-O Bc7 16. Rfd1 Rfd8 17. Ng3 Ne5 18. Rxd8+ Bxd8 19. Ngxe4
Nxc4 20. bxc4 Nxe4 21. Nxe4 Bf6 22. Nxf6+ gxf6 23. Kf1 Kf8 24. b3 Ke7 25.
Bf4 a6 26. Bd6+ Ke8 27. Ke2 Kd7 28. Ra5 Rg8 29. g3 Rg4 30. Ke3 Rg6 31. f3
Rg8 32. Kf4 Rg6 33. Ra4 Rg8 34. g4 Rg6 35. Ke4 Rg8 36. h3 Ra8 37. Ra5 Bc8
38. h4 Ra7 39. Kd4 Rb7 40. Kc3 Ra7 41. Kd3 Rb7 42. Kc2 Ra7 43. Ra1 Ra8 44.
Kd3 Ra7 45. Ra4 Rb7 46. b4 Ra7 47. b5 Ra8 48. b6 Bb7 49. Ke4 Rg8 50. Ra1
Ke8 51. Rd1 Bc8 52. Bc7 Bd7 53. b7
{CME resigns} 1-0

[Event "ICS rated blitz match"]
[Site "164.58.253.13"]
[Date "1997.02.17"]
[Round "-"]
[White "Brause"]
[Black "CME"]
[Result "1-0"]
[WhiteElo "2274"]
[BlackElo "2059"]
[TimeControl "120+12"]

1. e4 e6 2. d4 d5 3. c4 dxe4 4. Nc3 Nf6 5. f3 c5 6. d5 exf3 7. Nxf3 Be7 8.
Be2 O-O 9. O-O b6 10. b3 Bb7 11. dxe6 fxe6 12. Qxd8 Rxd8 13. Ng5 e5 14. Ne6
Rd7 15. Bg5 Nc6 16. Bxf6 gxf6 17. Nd5 Nd4 18. Nxd4 Bxd5 19. Bg4 Rdd8 20.
Nf5
{CME resigns} 1-0

[Event "ICS rated blitz match"]
[Site "164.58.253.13"]
[Date "1997.02.17"]
[Round "-"]
[White "Brause"]
[Black "CME"]
[Result "1-0"]
[WhiteElo "2272"]
[BlackElo "2065"]
[TimeControl "120+12"]

1. e4 e6 2. d4 d5 3. c4 dxe4 4. Nc3 Nf6 5. f3 c5 6. d5 exd5 7. cxd5 exf3 8.
Nxf3 Bd6 9. Bb5+ Bd7 10. Qe2+ Qe7 11. Bxd7+ Nbxd7 12. Qxe7+ Bxe7 13. Bg5 a6
14. O-O-O O-O 15. d6 Bd8 16. Bxf6 Nxf6 17. Nd5 b6 18. Nxf6+ Bxf6 19. d7
Rfd8 20. Rhe1 Kf8 21. Rd6 Rab8 22. Rd5 Rb7 23. Red1 Rc7 24. Kb1 g6 25. Rd6
Ke7 26. Rxb6 Rcxd7 27. Re1+
{CME resigns} 1-0

[Event "ICS game"]
[Site "chess.net"]
[Date "1997.02.19"]
[Round "-"]
[White "Brause"]
[Black "Johny"]
[Result "1-0"]
[WhiteElo "2104"]
[BlackElo "2054"]
[TimeControl "300+5"]

1. e4 e6 2. d4 d5 3. c4 c6 4. Nc3 g6 5. cxd5 exd5 6. exd5 cxd5 7. Bb5+ Bd7
8. Qe2+ Ne7 9. Nxd5 Qa5+ 10. Bd2 Qxb5 11. Nc7+
{Johny resigns} 1-0

[Event "ICS game"]
[Site "164.58.253.13"]
[Date "1997.02.20"]
[Round "-"]
[White "Brause"]
[Black "Guido"]
[Result "1-0"]
[WhiteElo "2313"]
[BlackElo "2275"]
[TimeControl "120+15"]

1. e4 e6 2. d4 d5 3. c4 dxe4 4. Nc3 Bb4 5. f3 Nf6 6. Qb3 c5 7. dxc5 Bxc5 8.
Qb5+ Nbd7 9. fxe4 a6 10. Qa4 Ng4 11. Nh3 O-O 12. Bg5 f6 13. Bf4 e5 14. Bd2
Nb6 15. Qb3 Qd4 16. O-O-O Ne3 17. Bxe3 Qxe3+ 18. Kb1 Bg4 19. Rc1 Rfd8 20.
Ng1 Rd2 21. h3 Bh5 22. Be2 Bg6 23. Bf3 Rad8 24. Nge2 Qd3+ 25. Ka1 Kf7 26.
Rhd1 Qe3 27. Nd5 Qxb3 28. axb3 Rxd1 29. Rxd1 Nc8 30. Nec3 a5 31. Kb1 Nd6
32. Kc1 Bd4 33. Ne2 Bf2 34. Nec3 b6 35. g4 Bd4 36. Ne2 Bc5 37. Nec3 h6 38.
Re1 Bd4 39. Ne2 Bf2 40. Rf1 Bc5 41. Nec3 Rc8 42. Rd1 Rc6 43. Rd2 Bh7 44.
Rd3 Bf2 45. Rd1 b5 46. Rd2 Be1 47. Rd3 bxc4 48. bxc4 Rxc4 49. b3 Rd4 50.
Rd1 Bh4 51. Bg2 Kf8 52. Kc2 Bg5 53. Nc7 Rxd1 54. Kxd1 Be3 55. N3d5 Bd4 56.
Ne6+ Kf7 57. Nd8+ Kg8 58. Ne7+ Kf8 59. Nf5 Nxf5 60. exf5 g6 61. fxg6 Bxg6
62. Kd2 Bb6 63. Ne6+ Kf7 64. Bd5 Ke7 65. Ng7 Kd6 66. Bg8 e4 67. Nf5+ Bxf5
68. gxf5 Ke5 69. Be6 e3+ 70. Kd3 Kf4 71. Ke2 h5 72. Bd5 Kxf5 73. Bf3 h4 74.
Bd5 Ke5 75. Bc4 Kd4 76. Be6 Kc3 77. Bd5 f5 78. Be6 f4 79. Bf7 Bc5 80. Bd5
Kd4 81. Bc6 Bb4 82. Bf3 Kc3 83. Bd5 Bc5 84. Be6 Ba3 85. Kf3 Kd4 86. Bd7 Bb4
87. Bb5 Bd6 88. Be2 Kc3 89. Bd1 Be5 90. Ke2 Bc7 91. Kf3 Bd6 92. Ke2 Bb4 93.
Kf3 Bc5 94. Ke2 Kb2 95. Kd3 Bb6 96. Ke4 Bc7 97. Kf3
{Guido forfeits on time} 1-0

[Event "ICS rated lightning match"]
[Site "164.58.253.13"]
[Date "1997.02.21"]
[Round "-"]
[White "Brause"]
[Black "Geist"]
[Result "1-0"]
[WhiteElo "2336"]
[BlackElo "1872"]
[TimeControl "120"]

1. e4 e6 2. d4 d5 3. c4 c6 4. Nc3 dxe4 5. f3 exf3 6. Nxf3 Nd7 7. Bd3 Ngf6
8. c5 Be7 9. O-O Nd5 10. Qb3 O-O 11. Bd2 b6 12. Nxd5 exd5 13. cxb6 Qxb6 14.
Qc3 Bf6 15. Bg5 h6 16. Bxf6 Nxf6 17. Ne5 Bb7 18. Rxf6 gxf6 19. Nd7 Qc7 20.
Nxf8 Rxf8 21. Rf1 Kg7 22. Rf5 Re8 23. Rxd5 Qe7 24. Rf5 Qe3+ 25. Kf1 Qe6 26.
Ra5 Qg4 27. h3 Qg5 28. Rxg5+ fxg5 29. d5+
{Geist resigns} 1-0

[Event "ICS rated blitz match"]
[Site "192.231.221.16"]
[Date "1997.02.12"]
[Round "-"]
[White "Brause"]
[Black "rajah"]
[Result "1-0"]
[WhiteElo "2347"]
[BlackElo "2372"]
[TimeControl "300"]

1. e4 e6 2. d4 d5 3. c4 dxe4 4. Nc3 Nf6 5. f3 Bb4 6. Qa4+ Nc6 7. Be3 O-O 8.
O-O-O Bxc3 9. bxc3 exf3 10. gxf3 Bd7 11. Qc2 Na5 12. Bd3 Qe8 13. Qg2 Ba4
14. Bh6 Nh5 15. Re1 Kh8 16. Re5 gxh6 17. Rxh5 f5 18. Rxh6 Qe7 19. Qg6 Rg8
20. Qxe6 Qg5+ 21. Kb2 Qg2+ 22. Ka3 Nxc4+ 23. Bxc4 Qxh1 24. Qf6+ Rg7 25. Bf7
Qxh2 26. Rxh2 b5 27. Rxh7+ Kxh7 28. Qh4#
{rajah checkmated} 1-0

[Event "ICS rated blitz match"]
[Site "192.231.221.16"]
[Date "1997.02.12"]
[Round "-"]
[White "Brause"]
[Black "Mus"]
[Result "1-0"]
[WhiteElo "2376"]
[BlackElo "2231"]
[TimeControl "180"]

1. e4 e6 2. d4 d5 3. c4 dxe4 4. Nc3 Bb4 5. Qb3 Nc6 6. Be3 f5 7. d5 Bxc3+ 8.
Qxc3 exd5 9. cxd5 Qxd5 10. Qxg7 Qe5 11. Qxe5+ Nxe5 12. Bd4 Nf7 13. Bc4 Ngh6
14. Bxh8 Nxh8 15. f3 Bd7 16. fxe4 fxe4 17. Bd5 O-O-O 18. Ne2 Re8 19. Rf1 c6
20. Rc1 Ng6 21. Ng3 e3 22. Be4 Ng4 23. h3 Nf2 24. Bxg6 hxg6 25. Ke2 Ne4 26.
Rf3 Nxg3+ 27. Rxg3 Bf5 28. Rf1 Rd8 29. Rxe3 Rd4 30. g4 Bd7 31. Rf8+ Kc7 32.
Rg8 Rd6 33. Rg7 c5 34. Rd3 b5 35. h4 c4 36. Rxd6 Kxd6 37. Rxg6+ Kc5 38. h5
Kd4 39. Rd6+
{Mus resigns} 1-0

[Event "ICS rated blitz match"]
[Site "192.231.221.16"]
[Date "1997.02.12"]
[Round "-"]
[White "Brause"]
[Black "Mus"]
[Result "1/2-1/2"]
[WhiteElo "2395"]
[BlackElo "2212"]
[TimeControl "480"]

1. e4 e6 2. d4 d5 3. c4 dxe4 4. Nc3 f5 5. f3 exf3 6. Nxf3 c6 7. Be2 Nf6 8.
O-O Bd6 9. Ne5 O-O 10. Bf4 Qc7 11. c5 Bxe5 12. Bxe5 Qd8 13. Qd3 Nbd7 14.
Bd6 Rf7 15. Qg3 Ne8 16. Bf4 Ndf6 17. Be5 Nd7 18. Bf4 Ndf6 19. Be5 Nd7 20.
Bf4
{Game drawn by repetition} 1/2-1/2

[Event "ICS rated blitz match"]
[Site "192.231.221.16"]
[Date "1997.02.12"]
[Round "-"]
[White "Brause"]
[Black "Mus"]
[Result "1/2-1/2"]
[WhiteElo "2393"]
[BlackElo "2220"]
[TimeControl "420"]

1. e4 e6 2. d4 d5 3. c4 dxe4 4. Nc3 f5 5. Be2 c6 6. Nh3 Bd6 7. c5 Bc7 8.
Bh5+ g6 9. Bg5 Nf6 10. Be2 h6 11. Bxf6 Qxf6 12. O-O O-O 13. Bc4 Kg7 14. Qd2
Rd8 15. Rad1 Nd7 16. Na4 Qe7 17. Qe3 Nf6 18. Qc3 Nd5 19. Qc1 Qh4 20. Rfe1
g5 21. Qd2 g4 22. Bxd5 e5 23. Bxe4 Rxd4 24. Qc2 gxh3 25. Bxf5 Bxf5 26. Qxf5
Rf8 27. Rxd4 Qxd4 28. Qc2 hxg2 29. Re4 Qd5 30. Rb4 e4 31. Qxe4 Qd1+ 32.
Kxg2 Rf4 33. Qe7+ Rf7 34. Qh4 Qf3+ 35. Kg1 Qd1+ 36. Kg2 Qf3+ 37. Kg1 Qd1+
38. Kg2
{Game drawn by repetition} 1/2-1/2

[Event "ICS rated blitz match"]
[Site "192.231.221.16"]
[Date "1997.02.14"]
[Round "-"]
[White "Brause"]
[Black "samor"]
[Result "1/2-1/2"]
[WhiteElo "2440"]
[BlackElo "2159"]
[TimeControl "300"]

1. e4 e6 2. d4 d5 3. c4 dxe4 4. Nc3 Nf6 5. f3 Bb4 6. Qa4+ Nc6 7. Be3 exf3
8. Nxf3 Bd7 9. Qb3 a5 10. a3 a4 11. Qc2 Be7 12. Bf4 Nh5 13. Be3 Nf6 14. Bf4
Nh5 15. Be3 Nf6
{Game drawn by repetition} 1/2-1/2

[Event "ICS rated blitz match"]
[Site "192.231.221.16"]
[Date "1997.02.14"]
[Round "-"]
[White "Brause"]
[Black "samor"]
[Result "1-0"]
[WhiteElo "2435"]
[BlackElo "2164"]
[TimeControl "300"]

1. e4 e6 2. d4 d5 3. c4 dxe4 4. Nc3 Nf6 5. f3 Bb4 6. Qa4+ Nc6 7. Be3 Bd7 8.
Qc2 e5 9. dxe5 Nxe5 10. a3 Bxc3+ 11. Qxc3 Qe7 12. O-O-O exf3 13. gxf3 Nc6
14. Re1 O-O-O 15. Bxa7 Qd6 16. Be3 Rhe8 17. c5 Qe5 18. Bd2 Qxc3+ 19. Bxc3
Nd5 20. Rxe8 Rxe8 21. Bd2 Nd4 22. Bc4 Bc6 23. h4 Re7 24. Rh3 Ne3 25. Bxf7
Rxf7 26. Bxe3 Nxf3 27. Nxf3 Bxf3 28. b4 Kd7 29. Bd4 g6 30. Kd2 Kc6 31. Kc3
Kb5 32. Be5 c6 33. Kd3 Ka4 34. Bb2 Kb5 35. Rg3 Bd5 36. Re3 h5 37. Bc1 Rf4
38. Re7 Rg4 39. Rxb7+ Ka4 40. Ra7+ Kb3 41. Bg5 Rg3+ 42. Kd4 Kc2 43. Ke5 Kd3
44. Kf6 Be4 45. Ke6 Kc4 46. Ke5 Bd5 47. Kf6 Be4 48. Ke6 Bd5+ 49. Kd6 Be4
50. Ra4 Rf3 51. b5+ Kd3 52. b6 Rf7 53. Be7 g5 54. b7 gxh4 55. b8=Q
{samor resigns} 1-0

[Event "ICS rated lightning match"]
[Site "164.58.253.13"]
[Date "1997.02.18"]
[Round "-"]
[White "Brause"]
[Black "Moondog"]
[Result "1/2-1/2"]
[WhiteElo "2327"]
[BlackElo "1780"]
[TimeControl "120"]

1. e4 e6 2. d4 d5 3. c4 dxe4 4. Nc3 Nf6 5. f3 exf3 6. Nxf3 Bb4 7. Bg5 Bxc3+
8. bxc3 Nbd7 9. Bd3 O-O 10. O-O h6 11. Bh4 c5 12. Qc2 cxd4 13. cxd4 Rb8 14.
Bg3 Ra8 15. Bh4 Rb8 16. Bg3 Ra8 17. Bh4
{Game drawn by mutual agreement} 1/2-1/2

[Event "ICS rated blitz match"]
[Site "164.58.253.13"]
[Date "1997.02.18"]
[Round "-"]
[White "Brause"]
[Black "wangle"]
[Result "1-0"]
[WhiteElo "2287"]
[BlackElo "2093"]
[TimeControl "120+3"]

1. e4 e6 2. d4 d5 3. c4 dxe4 4. Nc3 Nf6 5. f3 Bb4 6. Qa4+ Nc6 7. Be3 O-O 8.
O-O-O Bxc3 9. bxc3 Bd7 10. Qa3 Ne7 11. Bg5 e3 12. Bxf6 gxf6 13. Rd3 Nf5 14.
g4 Nh4 15. Rxe3 Bc6 16. Kb1 Qd6 17. Qxd6 cxd6 18. h3 Kh8 19. Bd3 Rg8 20.
Rh2 Rac8 21. Rd2 a6 22. d5 Bd7 23. dxe6 Bxe6 24. Be4 Bxc4 25. Bxb7 Rc7 26.
Bd5 Rb8+ 27. Ka1 Rb6 28. Bxc4 Rxc4 29. Red3 Rcc6 30. Ne2 Ng6 31. Nd4 Rc5
32. Nf5 Rcb5 33. Rd1 h6 34. Nxh6 Ne5 35. Rxd6 Rb1+ 36. Rxb1 Rxd6 37. f4 Kh7
38. fxe5 fxe5 39. Nxf7 Rc6 40. Nxe5 Rxc3 41. Rb7+ Kg8 42. h4 Re3 43. Re7
Re4 44. h5
{wangle resigns} 1-0

[Event "ICS rated blitz match"]
[Site "164.58.253.13"]
[Date "1997.02.19"]
[Round "-"]
[White "Brause"]
[Black "CoolIce"]
[Result "1-0"]
[WhiteElo "2307"]
[BlackElo "2274"]
[TimeControl "180"]

1. e4 e6 2. d4 d5 3. c4 dxe4 4. Nc3 Nc6 5. Be3 Nf6 6. d5 exd5 7. cxd5 Nb4
8. Bc4 Bd6 9. Nge2 O-O 10. O-O Bf5 11. Ng3 Bg6 12. Rc1 a6 13. Qb3 b5 14.
Be2 Nd3 15. Rcd1 Ne5 16. Bg5 h6 17. Bh4 Ned7 18. Ncxe4 Be7 19. Bxf6 Nxf6
20. Bd3 Bd6 21. Nxd6 Qxd6 22. Bxg6 fxg6 23. Rd4 Rfe8 24. Rc1 Re7 25. Rdd1
Rae8 26. Rc6 Re1+ 27. Nf1 Qd8 28. d6+ Kh7 29. Rxe1 Rxe1 30. dxc7 Qc8 31.
Qf7 Ne4 32. Rxg6 Rxf1+ 33. Kxf1 Nd2+ 34. Ke2
{CoolIce resigns} 1-0

[Event "ICS game"]
[Site "164.58.253.13"]
[Date "1997.02.19"]
[Round "-"]
[White "Brause"]
[Black "Deca"]
[Result "0-1"]
[WhiteElo "2305"]
[BlackElo "1979"]
[TimeControl "120+12"]

1. e4 e6 2. d4 d5 3. c4 dxe4 4. Nc3 Nf6 5. f3 exf3 6. Nxf3 Be7 7. Bd3 O-O
8. O-O b6 9. Bf4 Bb7 10. Nb5 Bd6 11. Nxd6 cxd6 12. b3 Qe7 13. Qe1 Nbd7 14.
Qb4 Rfc8 15. Bxd6 Qd8 16. Ne5 Nxe5 17. dxe5 Ne8 18. Rad1 Nxd6 19. Qxd6 Qxd6
20. exd6 Rd8 21. Bxh7+ Kxh7 22. Rxf7 Bc6 23. Re7 Re8 24. Rd4 Rxe7 25. dxe7
Re8 26. Rd6 Ba8 27. Rd7 Kg6 28. Rxa7 Kf7 29. h3 Be4 30. Ra6 Rb8 31. e8=Q+
Kxe8 32. c5 Kd7 33. cxb6 Rb7 34. a4 Bd3 35. Ra7 Kc6 36. a5 Rxa7 37. bxa7
Kb7 38. a8=Q+ Kxa8 39. Kf2 Kb7 40. Ke3 Bf1 41. Kf2 Bb5 42. Ke3 Kc6 43. Ke4
Kd6 44. g3 e5 45. b4 Ke6 46. h4 Kd6 47. g4 Bc6+ 48. Ke3 Bb5 49. Ke4 Ke6 50.
g5 g6 51. Ke3 Kf5 52. Kf3 Ba6 53. Kg3 e4 54. Kf2 Kg4 55. Ke3 Bd3 56. h5
Kxh5 57. Kf4 Kh4 58. b5 Bxb5 59. Kxe4 Kxg5 60. Ke5 Kh4 61. Kd4 g5 62. Kc5
Bf1 63. Kb6 g4 64. a6 Bxa6 65. Kxa6 g3 66. Kb7 g2 67. Kc6 g1=Q 68. Kd5 Qe3
69. Kd6 Kg5 70. Kd5 Kf6 71. Kc4 Ke6 72. Kb5 Qc3 73. Kb6 Kd6 74. Kb7 Qc6+
75. Ka7 Qb5 76. Ka8 Kc7 77. Ka7 Qb7#
{Brause checkmated} 0-1

[Event "ICS rated blitz match"]
[Site "164.58.253.13"]
[Date "1997.02.19"]
[Round "-"]
[White "Brause"]
[Black "Deca"]
[Result "1-0"]
[WhiteElo "2304"]
[BlackElo "1940"]
[TimeControl "120+12"]

1. e4 e6 2. d4 d5 3. c4 Bb4+ 4. Nc3 Bxc3+ 5. bxc3 dxe4 6. Qg4 Qf6 7. Qxe4
Qg6 8. Qxg6 hxg6 9. Bd3 Nf6 10. Nf3 Nbd7 11. Bf4 c5 12. O-O b6 13. d5 Nf8
14. Rfe1 Rh5 15. a4 a5 16. Rab1 Ra6 17. Bc7 N6d7 18. Ne5 Nxe5 19. Bxe5 Rxe5
20. Rxe5 Ke7 21. Re3
{Deca forfeits on time} 1-0

[Event "ICS rated blitz match"]
[Site "164.58.253.13"]
[Date "1997.02.19"]
[Round "-"]
[White "Brause"]
[Black "ThingTwo"]
[Result "1-0"]
[WhiteElo "2295"]
[BlackElo "2224"]
[TimeControl "300"]

1. e4 e6 2. d4 d5 3. c4 dxe4 4. Nc3 Nf6 5. f3 Bb4 6. Qa4+ Nc6 7. a3 Bxc3+
8. bxc3 h6 9. Qc2 exf3 10. Nxf3 g5 11. Be3 Ng4 12. Bd2 Qd6 13. Be2 b6 14.
O-O e5 15. Rac1 O-O 16. h3 Nf6 17. d5 Na5 18. Be3 c6 19. Nxe5 Qxe5 20. Bd4
Qe4 21. Bd3 Nd7 22. Bxe4 f6 23. Bh7+ Kh8 24. Qg6 cxd5 25. Rxf6 Rxf6 26.
Qg8#
{ThingTwo checkmated} 1-0

[Event "ICS rated blitz match"]
[Site "192.231.221.16"]
[Date "1997.02.19"]
[Round "-"]
[White "Brause"]
[Black "Alekhine1"]
[Result "1-0"]
[WhiteElo "2486"]
[BlackElo "2099"]
[TimeControl "180"]

1. e4 e6 2. d4 d5 3. c4 dxe4 4. Nc3 f5 5. f3 exf3 6. Nxf3 Nf6 7. Be2 Be7 8.
O-O O-O 9. Bf4 a6 10. c5 Nc6 11. Qd3 Nd5 12. Nxd5 exd5 13. Qd2 Bf6 14. Rae1
Bd7 15. Qe3 Re8 16. Qb3 Rb8 17. Qxd5+ Kh8 18. Bc4 Na5 19. Rxe8+ Qxe8 20.
Re1 Qc8 21. Ne5 Bxe5 22. Bxe5 Nxc4 23. Qxc4 Qg8 24. Qxg8+ Kxg8 25. Bxc7 Rc8
26. Be5 Bc6 27. a3 Bd5 28. Bd6 Kf7 29. Re7+ Kf6 30. Rd7 Rc6 31. Be5+ Ke6
32. Rxg7 b6 33. b4 bxc5
{Alekhine1 resigns} 1-0

[Event "ICS rated blitz match"]
[Site "192.231.221.16"]
[Date "1997.02.20"]
[Round "-"]
[White "Brause"]
[Black "DNAgene"]
[Result "1-0"]
[WhiteElo "2543"]
[BlackElo "2290"]
[TimeControl "300+3"]

1. e4 e6 2. d4 d5 3. c4 dxe4 4. Nc3 Nf6 5. f3 exf3 6. Nxf3 c5 7. d5 exd5 8.
cxd5 Bd6 9. Bb5+ Bd7 10. Qe2+ Qe7 11. Bxd7+ Nbxd7 12. Qxe7+ Kxe7 13. O-O
Rhe8 14. Nb5 Bb8 15. d6+ Kf8 16. Nc7 Bxc7 17. dxc7 Rac8 18. Bf4 Nd5 19.
Rfd1 Nxf4 20. Rxd7 f6 21. Rad1 Ne6 22. R1d5 b6 23. Rh5 Kg8 24. Rhd5 Kf8 25.
Rh5 h6 26. Nh4 Rxc7 27. Rhd5 Rec8 28. Kf2 Ke8 29. R7d6 Nf8 30. a3 Rd7 31.
Rxd7 Nxd7 32. Nf5 g6 33. Nd6+ Kd8 34. Nxc8 Kxc8 35. Rd6 Kd8 36. Re6 Kc7 37.
g4 Kd8 38. h3 Kc7 39. Re8 Kd6 40. Rh8 g5 41. Rxh6 b5 42. Ke3 a5 43. h4 gxh4
44. g5 Ke6 45. gxf6 Nxf6 46. Kf4 Ke7 47. Rxh4 Nd7 48. Ke4 Kd6 49. Rh6+ Kc7
50. Kd5 b4 51. Rh7 bxa3 52. bxa3 c4 53. Ke6 c3 54. Rxd7+ Kc6 55. Rd3
{DNAgene resigns} 1-0

[Event "ICS game"]
[Site "192.231.221.16"]
[Date "1997.02.20"]
[Round "-"]
[White "Brause"]
[Black "KennethTW"]
[Result "1-0"]
[WhiteElo "2571"]
[BlackElo "2219"]
[TimeControl "180"]

1. e4 e6 2. d4 d5 3. c4 dxe4 4. Nc3 f5 5. Be2 Nf6 6. Bg5 Be7 7. Bh5+ g6 8.
Be2 O-O 9. Bh6 Re8 10. Nh3 Nc6 11. d5 Ne5 12. O-O Nf7 13. Bc1 exd5 14. Nxd5
Nxd5 15. cxd5 Bf6 16. Qb3 Kg7 17. Nf4 c6 18. dxc6 bxc6 19. Qc2 Ne5 20. Be3
Bd7 21. Rfd1 Qc7 22. Rac1 Rab8 23. Nd5 Qb7 24. Nxf6 Kxf6 25. b3 Kg7 26. Bf4
Nf7 27. Bxb8 Rxb8 28. Qc3+ Kg8 29. Qf6 Be8 30. Bc4 Kf8 31. Bxf7 Qxf7 32.
Qd6+ Kg7 33. Qxb8
{KennethTW resigns} 1-0

[Event "ICS rated blitz match"]
[Site "192.231.221.16"]
[Date "1997.02.20"]
[Round "-"]
[White "Brause"]
[Black "StefanR"]
[Result "1-0"]
[WhiteElo "2546"]
[BlackElo "1966"]
[TimeControl "300"]

1. e4 e6 2. d4 d5 3. c4 dxe4 4. Nc3 Bb4 5. Qa4+ Nc6 6. a3 Bxc3+ 7. bxc3 Bd7
8. Qc2 f5 9. Be2 Nf6 10. Nh3 O-O 11. O-O Ne7 12. Ng5 h6 13. Nh3 Qc8 14. c5
b6 15. cxb6 cxb6 16. Bd2 Qb7 17. Qb3 Rac8 18. Nf4 Nfd5 19. Rae1 Qc6 20. Rc1
Qa4 21. Qxa4 Bxa4 22. Nxe6 f4 23. Nxf8 Rxf8 24. Bc4 Kh8 25. Rfe1 Bc6 26.
Rxe4 Ne3 27. Rxe7 Nxc4 28. Rc7 Bb5 29. a4 Bxa4 30. Rxc4 b5 31. Rc7
{StefanR resigns} 1-0

[Event "ICS rated blitz match"]
[Site "192.231.221.16"]
[Date "1997.02.21"]
[Round "-"]
[White "Brause"]
[Black "DNAgene"]
[Result "1-0"]
[WhiteElo "2623"]
[BlackElo "2288"]
[TimeControl "300+3"]

1. e4 e6 2. d4 d5 3. c4 dxe4 4. Nc3 Nf6 5. f3 exf3 6. Nxf3 c5 7. d5 exd5 8.
cxd5 Bd6 9. Bb5+ Bd7 10. Qe2+ Qe7 11. Bxd7+ Nbxd7 12. Qxe7+ Kxe7 13. O-O a6
14. Re1+ Kd8 15. Ng5 Rf8 16. b3 h6 17. Nge4 Nxe4 18. Nxe4 Be5 19. Rb1 Kc7
20. Bd2 b6 21. a4 a5 22. Re2 f5 23. Nc3 Bxc3 24. Bxc3 Rf7 25. Rd1 Rd8 26.
d6+ Kc6 27. Re7 Rxe7 28. dxe7 Re8 29. Bxg7 h5 30. Re1 Kd6 31. Rd1+ Kxe7 32.
Kf1 Nf6 33. Bxf6+ Kxf6 34. g3 Re6 35. Rd8 Kg5 36. Kf2 Re4 37. Rg8+ Kf6 38.
Rf8+ Kg6 39. Rg8+ Kf7 40. Rg5 Kf6 41. Rxh5 Rb4 42. Rh6+ Kg5 43. Re6 Rxb3
44. h4+ Kh5 45. Rf6 Kg4 46. Rg6+ Kh3 47. h5 Rd3 48. h6 Rd8 49. Kf3 Rh8 50.
Rxb6 Kh2 51. Rc6 c4 52. Rxc4 Kg1 53. Rh4 Rh7 54. Kf4 Kf2 55. Rh2+ Kg1 56.
Rh5 Kg2 57. Kxf5 Kxg3 58. Kg6 Rc7 59. h7 Rc6+ 60. Kf7 Rc7+ 61. Ke6 Rc6+ 62.
Kd7
{DNAgene resigns} 1-0